 Dungeon Crawl Stone Soup version 0.31.0-1-g2c135a0 (webtiles) character file.

Game seed: 4174560447118935040

515 edsrzf the Sneak (level 7, -2/45 HPs)
             Began as an Octopode Reaver on Jan 31, 2024.
             Slain by a fire bat (4 damage)
             ... on level 4 of the Dungeon.
             The game lasted 00:07:14 (3540 turns).

edsrzf the Sneak (Octopode Reaver)                  Turns: 3540, Time: 00:07:15

Health: -2/45      AC:  1    Str: 11    XL:     7   Next: 20%
Magic:  10/10      EV: 13    Int: 17    God:
Gold:   269        SH:  0    Dex: 17    Spells: 9/10 levels left

rFire   + . .        b - +2 dagger (speed)
rCold   + . .        (no shield)
rNeg    . . .        (helmet restricted)
rPois   +            (no amulet)
rElec   +            f - +6 ring of dexterity
rCorr   +            k - ring of wizardry
SInv    .            (no ring)
Will    .....        (no ring)
Stlth   +++++        (no ring)
HPRegen 0.27/turn    (no ring)
MPRegen 0.12/turn    (no ring)
                     (no ring)

%: wizardry (x1)
@: resistant
A: almost no armour, amphibious, 8 rings, camouflage 1, gelatinous body 1,
(nimble swimmer 1), tentacles
a: no special abilities


You were on level 4 of the Dungeon.
You visited 1 branch of the dungeon, and saw 4 of its levels.

You collected 269 gold pieces.

Inventory:

Hand Weapons
 a - a +0 falchion
 b - a +2 dagger of speed (weapon)
Missiles
 q - 5 poisoned darts
Jewellery
 f - a +6 ring of dexterity (left tentacle)
 k - a ring of wizardry (right tentacle)
Wands
 n - a wand of charming (1)
Scrolls
 c - a scroll of brand weapon {unknown}
 d - a scroll of fog {unknown}
 l - a scroll of revelation {unknown}
 m - 2 scrolls of teleportation {unknown}
 r - a scroll of enchant weapon {unknown}
Potions
 e - a potion of might
 g - 2 potions of invisibility
 h - 2 potions of curing
 i - a potion of attraction
 j - a potion of enlightenment
 o - a potion of haste
 p - a potion of brilliance


   Skills:
 - Level 2.0 Fighting
 + Level 6.0 Long Blades
 - Level 2.0 Dodging
 + Level 7.3 Stealth
 - Level 2.0 Spellcasting
 - Level 3.0 Conjurations


You had 9 spell levels left.
You knew the following spells:

 Your Spells              Type           Power      Damage    Failure   Level
a - Kiss of Death         Conj/Necr      24%        2d7       4%          1

Your spell library contained the following spells:

 Spells                   Type           Power      Damage    Failure   Level
 Momentum Strike          Conj/Tloc      12%        3d8       6%          2
 Static Discharge         Conj/Air       12%        3-4/arc   6%          2
 Hailstorm                Conj/Ice       6%         3d5       12%         3
 Airstrike                Air            0%         2d(1-17)  56%         4
 Leda's Liquefaction      Alch/Erth      0%         N/A       56%         4
 Summon Lightning Spire   Summ/Air       1%         N/A       56%         4
 Lee's Rapid Deconstruct  Erth           0%         3d4*      88%         5
 Bombard                  Conj/Erth      3%         9d1       99%         6


Dungeon Overview and Level Annotations

Branches:
Dungeon (4/15)
 Temple: D:4-7

Altars:
Makhleb
Xom

Shops:
D:4 [

Annotations:
D:4 1 transporter


Innate Abilities, Weirdness & Mutations

You cannot wear most types of armour.
You are amphibious.
You can wear up to eight rings at the same time.
Your skin changes colour to match your surroundings (Stealth+).
Your rubbery body absorbs attacks. (AC +1, EV +1)
((You are camouflaged when in or above water. (Stealth+)))
You have tentacles for arms and can constrict up to eight enemies at once.


Message History

The helpless scorpion fails to defend itself.
You skewer the scorpion like a kebab!!!
You kill the scorpion!
An ogre comes into view. It is wielding a +0 giant spiked club.
An adder comes into view.
The ogre shouts!
The adder hisses angrily.
You hit the ogre.
The ogre is lightly wounded.
You hit the ogre.
The ogre is moderately wounded.
The ogre closely misses you.
You hit the ogre.
The ogre is heavily wounded.
You hit the ogre.
The ogre is severely wounded.
The ogre misses you.
You hit the ogre. You tentacle-slap the ogre. Your squeeze misses the ogre.
The ogre is almost dead.
You hit the ogre.
You kill the ogre!
The adder closely misses you.
Your Stealth skill increases to level 7!
You have reached level 7!
Unknown command.
You barely miss the adder. You grab the adder. Your squeeze misses the adder.
You constrict the adder. The adder closely misses you.
You hit the adder. You squeeze the adder.
The adder is heavily wounded.
You constrict the adder. You hit the adder. You squeeze the adder.
You kill the adder!
Your Long Blades skill increases to level 6!
Unknown command.
You see here a +0 giant spiked club.
d - a scroll of identify {@r1}
Found a hand axe.
As you read the scroll of identify {@r1}, it crumbles to dust.
h - 2 potions of curing You see here a +0 hand axe.
Found a stone staircase leading up.
There is a stone staircase leading up here.
Found a transporter.
Found a potion of resistance.
You now have 269 gold pieces (gained 5).
d - a scroll labelled FAIDWESUFY
There is a transporter here.
Found an escape hatch in the floor.
An endoplasm comes into view.
The helpless endoplasm fails to defend itself.
You skewer the endoplasm like a kebab!!!
You kill the endoplasm!
Things that are here:
a +0 club; a +0 chain mail The helpless adder fails to defend itself.
You skewer the adder like a kebab!!!
You kill the adder!
You see here an adder corpse.
There is a stone staircase leading down here.
There is a stone staircase leading down here.
You see here a +0 helmet.
You see here a +0 hand axe.
There is a stone staircase leading up here.
Partly explored, unvisited transporter.
There is a transporter here.
Press: ? - help, v - describe, . - travel, g - get item Item here: a potion of resistance.
The floor.
You enter the transporter and appear at another place.
s - a potion of resistance You open the gate.
You feel protected.
There is an open gate here.
There is an open gate here.
You are engulfed in blazing flames.
You resist. The fire bat bites you.
You are engulfed in flames.
You resist.
You are engulfed in blazing flames.
You resist. The fire bat attacks as it pursues you! The fire bat bites you.
You are engulfed in flames.
You resist.
* * * LOW HITPOINT WARNING * * *
The fire bat barely misses you. The fire bat bites you.
* * * LOW HITPOINT WARNING * * *
You are engulfed in flames.
You resist.
* * * LOW HITPOINT WARNING * * *
The fire bat closely misses you.
You see here 14 gold pieces.
Unknown command.
Okay, then.
Okay, then.
Aiming: Charm
Press: ? - help, Shift-Dir - straight line, f - fire bat
Aim: a fire bat (chance to affect: 57%)
Okay, then.
Okay, then.
You hit the fire bat. You grab the fire bat.
The fire bat is moderately wounded.
You constrict the fire bat. The fire bat bites you.
* * * LOW HITPOINT WARNING * * *
You are engulfed in flames.
You resist.
You die...

#.#.#..########
####.########## #......#
#.............. ###.##.#
#####.##...######## #.##.#
##...#.####.# # ###.##.#
#......# #.# # ....##.##
##.©.##.# #.# # ##.###..#
########### #.# # #.# ##.#
#°☼○[©$°☼○# #.# # #.# #.#
#☼○°$)@○○○# #.# ###### #.#
#.# #○○°..b..○# #.# #)....
#.# #.# #☼☼.○☼○○○.# #.#
#.#### #.# #.# #○○☼°°☼☼°.#
#.###.# #.# #.#
####○○°#### #...#.# #.#
#.# #°°...○°# ###.#.# #.#
#.# #°°#.#°○# #.#.# #.#
#.####°○...☼○#######.#.#
#.#
#....#○○#©#°○#.........###


You could see a fire bat.

Vanquished Creatures
  An ogre (D:4)
  2 scorpions
  2 bombardier beetles
  2 orc priests (D:3)
  A gnoll (D:1)
  8 adders
  A shadow imp (D:3)
  5 ribbon worms
  7 orcs
  6 ball pythons
  12 endoplasms
  A giant cockroach (D:1)
  7 goblins
  7 hobgoblins
  8 jackals
  3 quokkas
  9 bats
  2 frilled lizards (D:1)
  6 kobolds
  4 rats
94 creatures vanquished.

Notes
Turn   | Place    | Note
-------+----------+-------------------------------------------
     0 | D:1      | edsrzf the Octopode Reaver began the quest for the Orb.
     0 | D:1      | Reached XP level 1. HP: 14/14 MP: 3/3
    41 | D:1      | Reached skill level 1 in Stealth
    42 | D:1      | Reached skill level 2 in Stealth
    42 | D:1      | Reached XP level 2. HP: 11/19 MP: 5/5
   241 | D:1      | Reached XP level 3. HP: 24/24 MP: 6/6
   450 | D:1      | Reached skill level 3 in Stealth
   883 | D:2      | Reached skill level 4 in Long Blades
   883 | D:2      | Reached XP level 4. HP: 26/29 MP: 7/7
  1436 | D:2      | Found a faded altar of an unknown god.
  1441 | D:2      | Reached skill level 4 in Stealth
  1845 | D:3      | Reached XP level 5. HP: 34/34 MP: 8/8
  2073 | D:3      | Found a shimmering altar of Xom.
  2074 | D:3      | Found a shimmering altar of Xom.
  2075 | D:3      | Found a shimmering altar of Xom.
  2075 | D:3      | Found a shimmering altar of Xom.
  2075 | D:3      | Found a shimmering altar of Xom.
  2075 | D:3      | Found a shimmering altar of Xom.
  2075 | D:3      | Found a shimmering altar of Xom.
  2075 | D:3      | Found a shimmering altar of Xom.
  2098 | D:3      | Reached skill level 5 in Stealth
  2273 | D:3      | Reached skill level 5 in Long Blades
  2273 | D:3      | Reached XP level 6. HP: 38/39 MP: 9/9
  2345 | D:3      | Reached skill level 6 in Stealth
  2650 | D:3      | Found a burning altar of Makhleb.
  2886 | D:4      | Noticed a fire bat
  2887 | D:4      | Found a transporter.
  2954 | D:4      | Found Xuseishru's Antique Armour Emporium.
  3099 | D:4      | Identified 6 scrolls of identify
  3099 | D:4      | Identified a potion of might
  3100 | D:4      | Identified 2 potions of invisibility
  3101 | D:4      | Identified a potion of enlightenment
  3102 | D:4      | Identified a potion of attraction
  3103 | D:4      | Identified a potion of haste
  3104 | D:4      | Identified a potion of brilliance
  3144 | D:4      | Reached skill level 7 in Stealth
  3144 | D:4      | Reached XP level 7. HP: 45/45 MP: 10/10
  3147 | D:4      | Reached skill level 6 in Long Blades
  3193 | D:4      | Identified 2 potions of curing
  3218 | D:4      | Found a transporter.
  3540 | D:4      | HP: 2/45 [fire bat (3)]
  3540 | D:4      | Slain by a fire bat

Illustrated notes

Levels and vault maps discovered:
D:1:      dpeg_arrival_shelter, layout_basic,
          wander_ebering_terrifying_dragon_lair
D:2:      layout_basic, dreamdust_ecumenical_altar_hidden_monk_grotto
D:3:      layout_basic, lightli_temple_of_fire, xom_redecorated,
          nicolae_twisty_statue_hallways
D:4:      gammafunk_cloud_chamber, layout_loops_ring, serial_shops,
          nicolae_shop_just_a_little_nook

Skill      XL: |  1  2  3  4  5  6  7 |
---------------+----------------------+-----
Stealth        | 2 3 4 5 7 |  7.3
Long Blades    | 4 5 6 |  6.0
Fighting       | |  2.0
Dodging        | |  2.0
Spellcasting   | |  2.0
Conjurations   | |  3.0

Action                     |  1- 3 |  4- 6 |  7- 9 || total
---------------------------+-------+-------+-------++-------
  Melee: Falchion          |    72 |    22 |       ||    94
         Constrict         |    19 |    22 |     2 ||    43
         Tentacles         |    13 |    19 |     2 ||    34
         Dagger            |       |    94 |     6 ||   100
         Punch             |       |     2 |       ||     2
    Use: Scroll            |       |     6 |     1 ||     7
         Potion            |       |       |     1 ||     1
   Stab: Sleeping          |    12 |    23 |     2 ||    37
 Armour: Skin              |    32 |    26 |     6 ||    64
  Dodge: Dodged            |    46 |    44 |     3 ||    93
